 Dungeon Crawl Stone Soup version 0.29-a0-275-g389c0b56f3 (webtiles) character file.

Game seed: 7998741671647087526

60 siradein the Bolt Thrower (level 4, -3/45 HPs)
             Began as an Ogre Hunter on Mar 10, 2022.
             Slain by a gnoll
             ... wielding a +0 whip
              (4 damage)
             ... on level 2 of the Dungeon.
             The game lasted 00:03:40 (1441 turns).

siradein the Bolt Thrower (Ogre Hunter)             Turns: 1441, Time: 00:03:41

Health: -3/45      AC:  3    Str: 16    XL:     4   Next: 6%
Magic:  4/4        EV: 10    Int: 12    God:
Gold:   48         SH:  0    Dex: 11    Spells: 3/3 levels left

rFire   . . .      SeeInvis .   a - +1 hand crossbow
rCold   . . .      Faith    .   (no shield)
rNeg    . . .      Spirit   .   b - +0 robe
rPois   .          Reflect  .   (helmet restricted)
rElec   .          Harm     .   (no cloak)
rCorr   .          Rampage  .   (gloves unavailable)
Will    .....                   (boots unavailable)
Stlth   +.........              (no amulet)
HPRegen 0.15/turn               (no ring)
MPRegen 0.09/turn               (no ring)

@: no status effects
A: large, unfitting armour, tough skin 1
a: no special abilities


You were on level 2 of the Dungeon.
You visited 1 branch of the dungeon, and saw 2 of its levels.

You collected 48 gold pieces.

Inventory:

Hand Weapons
 a - a +1 hand crossbow (weapon)
Armour
 b - a +0 robe (worn)
Scrolls
 c - a scroll of immolation
 d - a scroll of noise {unknown}
 h - a scroll of identify {unknown}
Potions
 e - a potion of brilliance {unknown}
 f - 2 potions of flight {unknown}
 g - a potion of experience {unknown}
 i - a potion of curing {unknown}
 j - a potion of haste {unknown}
 k - a potion of might {unknown}


   Skills:
 + Level 3.5 Fighting
 * Level 3.6 Crossbows
 + Level 2.4 Dodging
 - Level 0.6 Stealth


You had 3 spell levels left.
You didn't know any spells.
Your spell library was empty.

Dungeon Overview and Level Annotations

Branches:
Dungeon (2/15)

Altars:
Uskayaw


Innate Abilities, Weirdness & Mutations

You are too large for most types of armour.
You have tough skin. (AC +1)


Message History

Unknown command.
The gnoll hits you from afar with a +0 halberd.
The gnoll closely misses you. The gnoll barely misses you.
The gnoll closely misses you. The gnoll closely misses you.
There is a stone staircase leading up here.
You see here a rat corpse.
You climb upwards.
There is a stone staircase leading down here.
You start resting.
HP restored.
You climb downwards.
The gnoll hits you from afar with a +0 spear. x2
There is a stone staircase leading up here.
You see here a rat skeleton.
You shoot a bolt.
The bolt hits the gnoll but does no damage.
The gnoll barely misses you.
You shoot a bolt. The bolt hits the gnoll.
The gnoll is lightly wounded.
You shoot a bolt. The bolt completely misses the gnoll.
The bolt hits the gnoll.
The gnoll is severely wounded.
The gnoll hits you from afar with a +0 halberd!
You shoot a bolt. The bolt hits the gnoll.
The gnoll is heavily wounded.
The gnoll hits you with a +0 whip. The gnoll barely misses you.
You shoot a bolt. The bolt hits the gnoll.
The gnoll is almost dead.
The gnoll barely misses you.
The gnoll hits you from afar with a +0 halberd!
* * * LOW HITPOINT WARNING * * *
You are too injured to fight recklessly!
You are too injured to fight recklessly!
Unknown command.
The gnoll hits you from afar with a +0 halberd!
* * * LOW HITPOINT WARNING * * *
The gnoll hits you with a +0 whip.
You die...

#.#.....$.##
###...........
#....g......#.
##.#.#..g....#
#...g#.#†..#...
####g#.#.....#.
#g#.#......
#.#.#...#...
#@#.#...#.##
#.g.÷.....
####...>..
..... .... ...
.. #


You could see 4 gnolls.

Vanquished Creatures
  A gnoll (D:1)
  2 dart slugs (D:1)
  6 endoplasms (D:1)
  6 giant cockroaches
  5 goblins (D:1)
  2 hobgoblins
  3 jackals (D:2)
  2 quokkas (D:1)
  4 ball pythons (D:1)
  2 bats
  2 frilled lizards (D:1)
  4 kobolds (D:1)
  4 rats
43 creatures vanquished.

Vanquished Creatures (others)
  A fungus (D:1)
1 creature vanquished.

Grand Total: 44 creatures vanquished

Notes
Turn   | Place    | Note
-------+----------+-------------------------------------------
     0 | D:1      | siradein the Ogre Hunter began the quest for the Orb.
     0 | D:1      | Reached XP level 1. HP: 22/22 MP: 1/1
   143 | D:1      | Reached XP level 2. HP: 23/31 MP: 2/2
   365 | D:1      | Reached XP level 3. HP: 37/37 MP: 3/3
   367 | D:1      | Found a hide-covered altar of Uskayaw.
  1011 | D:1      | Found a faded altar of an unknown god.
  1177 | D:2      | Reached XP level 4. HP: 39/45 MP: 4/4
  1441 | D:2      | HP: 1/45 [gnoll/+0 halberd (11)]
  1441 | D:2      | Slain by a gnoll

Illustrated notes

Levels and vault maps discovered:
D:1:      minmay_arrival_stair_chambers, layout_basic,
          shapermc_ecumenical_altar_hornbeckon, hangedman_abyss_or_decor_stabs,
          minmay_hexomino_r4
D:2:      layout_basic, hex_tiny, chequers_serial_rivers_room_a,
          minmay_door_square, uniq_sigmund

Skill      XL: |  1 |
---------------+----+-----
Crossbows      | 3 |  3.6
Fighting       | 3 |  3.5
Dodging        | 2 |  2.4
Stealth        | |  0.6

Action                   |  1- 3 |  4- 6 || total
-------------------------+-------+-------++-------
 Fire: Hand crossbow     |   138 |    17 ||   155
Armor: Robe              |    34 |     1 ||    35
Dodge: Dodged            |    51 |    11 ||    62

Table legend: (Time is in decaauts)
 A = Elapsed time spent in this place.
 B = Non-inter-level travel time spent in this place.
 C = Inter-level travel time spent in this place.
 D = Time resting spent in this place.
 E = Time spent auto-exploring this place.
 F = Levels seen in this place.
 G = Mean time per level.
                   A        B        C        D        E       F      G
               +--------+--------+--------+--------+--------+-----+--------+
         Total |   1497 |   1475 |     22 |    196 |   1003 |   2 |  748.5 |
       Dungeon |   1497 |   1475 |     22 |    196 |   1003 |   2 |  748.5 |
               +--------+--------+--------+--------+--------+-----+--------+

Top non-repeatable levels by time:
     D:1: 1397 daAuts
     D:2: 100 daAuts
